 Dungeon Crawl Stone Soup version 0.18.1-48-g4cf74bf (webtiles) character file.

493 Alarkh the Poker (level 6, 0/44 HPs)
             Began as a Mummy Skald on July 20, 2016.
             Slain by a slave (5 damage)
             ... led by Pikel
             ... on level 4 of the Dungeon.
             The game lasted 00:05:38 (3666 turns).

Alarkh the Poker (Mummy Skald)                      Turns: 3666, Time: 00:05:39

Health: 0/44       AC:  5    Str: 15    XL:     6   Next: 92%
Magic:  5/9        EV: 11    Int: 13    God:
Gold:   291        SH:  0    Dex: 12    Spells: 3 memorised, 3 levels left

rFire  . . .     SeeInvis .     a - +0 spear
rCold  + . .     Gourm    .     b - +0 leather armour
rNeg   + + +     Faith    .     (no shield)
rPois  ∞         Spirit   .     (no helmet)
rElec  .         Dismiss  .     (no cloak)
rCorr  .         Reflect  .     f - +0 pair of gloves
SustAt .         Harm     .     e - +0 pair of boots
MR     .....                    (no amulet)
Stlth  +.........               (no ring)
                                l - ring of protection from fire

@: not resistant to hostile enchantments, very unstealthy
A: no food or potions, fire vulnerability, cold resistance 1, negative energy
resistance 3, torment resistance, unbreathing
a: no special abilities


You were on level 4 of the Dungeon.
You were not hungry.

You visited 1 branch of the dungeon, and saw 4 of its levels.

You collected 291 gold pieces.

Inventory:

Hand Weapons
 a - a +0 spear (weapon)
Armour
 b - a +0 leather armour (worn)
 e - a +0 pair of boots (worn)
 f - a +0 pair of gloves (worn)
 h - a +0 buckler
 s - a +0 robe of positive energy
Jewellery
 l - a ring of protection from fire (left hand)
 m - an uncursed amulet of dismissal
Wands
 n - a wand of acid (9/15)
 p - a wand of digging (13/24)
 t - a wand of heal wounds (6/9)
Scrolls
 d - a scroll of noise
 g - 3 scrolls of recharging
 i - a scroll of magic mapping
 j - 4 scrolls of teleportation
 k - 3 scrolls of remove curse
 o - a scroll of blinking {unknown}
 q - a scroll of fog {unknown}
 r - a scroll of enchant armour {unknown}
 u - a scroll of identify
 v - a scroll of random uselessness {unknown}
Books
 c - a book of Battle

   Spells                             Type                      Level
   a - Infusion                       Charms                       1
   b - Shroud of Golubria             Charms/Translocation         2
   c - Song of Slaying                Charms                       2
   d - Spectral Weapon                Hexes/Charms                 3
   e - Regeneration                   Charms/Necromancy            3


   Skills:
 - Level 2.0 Fighting
 + Level 6.2 Polearms
 - Level 0.7 Armour
 - Level 0.7 Dodging
 - Level 2.0 Spellcasting
 - Level 2.4 Charms


You had 3 spell levels left.
You knew the following spells:

 Your Spells              Type           Power        Failure   Level  Hunger
a - Infusion              Chrm           #...         14%         1    N/A
b - Shroud of Golubria    Chrm/Tloc      #.........   30%         2    N/A
c - Spectral Weapon       Hex/Chrm       #.......     65%         3    N/A

Dungeon Overview and Level Annotations

Branches:
Dungeon (4/15)
 Temple: D:4-7

Altars:
Elyvilon

Annotations:
D:3 Pikel, Sigmund


Innate Abilities, Weirdness & Mutations

You do not eat or drink.
Your flesh is vulnerable to fire.
You are immune to poison.
Your flesh is cold resistant.
You are immune to negative energy.
You are immune to unholy pain and torment.
You can survive without breathing.


Message History

Pikel hits your spectral weapon with a whip of flaming.
Your spectral weapon shares its damage with you!
Pikel burns your spectral weapon.
* * * LOW HITPOINT WARNING * * *
There is an open door here.
Your magical infusion is running out.
You see here a stone.
You are no longer magically infusing your attacks.
Things that are here:
a stone; a club You see here a flail.
Your spectral weapon fades away.
Pikel waves his whip at you.
You see here a murky green potion.
There is a stone staircase leading down here.
Pikel says, "I'm sure the Orcish Mines are around here somewhere..."
You climb downwards.
The slave hits you!
* * * LOW HITPOINT WARNING * * *
The slave closely misses you. The slave hits you.
You die...

.# .. .. .# #.#. #
.## #..# ..# ..##
#.###...# ##.###
####### ##p......#
###..##
##.....####..#######
##..##
#........##.##
##..## #...p.......#
##..## #...p@.....##
##..###....p.....#
##..###.........#
##.#...#........##
#..##..(........#
#..###........###
#####........##
####...######..##
###...#### ##..##


You could see 3 slaves.

Vanquished Creatures
  Grinder (D:4)
  2 hounds (D:4)
  2 gnolls (D:3)
  11 adders
  A dart slug (D:2)
  3 giant geckos
  2 ball pythons
  3 giant cockroaches
  16 goblins
  13 hobgoblins
  16 jackals
  5 quokkas
  6 bats
  5 giant newts
  7 kobolds
  7 rats
  A fungus (D:3)
101 creatures vanquished.

Vanquished Creatures (others)
  A spectral weapon (D:4)
1 creature vanquished.

Grand Total: 102 creatures vanquished

Notes
Turn   | Place    | Note
--------------------------------------------------------------
     0 | D:1      | Alarkh the Mummy Skald began the quest for the Orb.
     0 | D:1      | Reached XP level 1. HP: 16/16 MP: 3/3
    92 | D:1      | Reached skill level 2 in Polearms
   159 | D:1      | Reached XP level 2. HP: 17/22 MP: 1/5
   577 | D:2      | Reached XP level 3. HP: 26/27 MP: 0/6
   610 | D:2      | Reached skill level 3 in Polearms
  1034 | D:2      | Reached XP level 4. HP: 26/33 MP: 3/7
  1389 | D:3      | Reached skill level 4 in Polearms
  1598 | D:3      | Noticed Sigmund
  1685 | D:3      | Learned a level 2 spell: Shroud of Golubria
  1689 | D:3      | Learned a level 3 spell: Spectral Weapon
  1705 | D:3      | Found a white marble altar of Elyvilon.
  1723 | D:3      | Reached XP level 5. HP: 24/38 MP: 1/8
  1758 | D:4      | Noticed a slave
  1760 | D:4      | Noticed a slave
  2558 | D:4      | Noticed Grinder
  2559 | D:4      | Paralysed by Grinder for 4 turns
  2581 | D:4      | Killed Grinder
  2581 | D:4      | Reached skill level 5 in Polearms
  2581 | D:4      | Reached XP level 6. HP: 26/44 MP: 0/9
  2906 | D:4      | Reached skill level 6 in Polearms
  3382 | D:4      | Noticed Pikel
  3382 | D:4      | Noticed a slave
  3383 | D:4      | Noticed a slave
  3666 | D:4      | Slain by a slave

Skill      XL: |  1  2  3  4  5  6 |
---------------+-------------------+-----
Polearms       | 2 3 4 5 6 |  6.2
Fighting       | |  2.0
Armour         | |  0.7
Dodging        | |  0.7
Spellcasting   | |  2.0
Charms         | |  2.4

Action                   |  1- 3 |  4- 6 || total
-------------------------+-------+-------++-------
Melee: Spear             |   137 |   275 ||   412
 Cast: Infusion          |    16 |    29 ||    45
       Spectral Weapon   |       |     4 ||     4
       Shroud of Golubri |       |     2 ||     2
Evoke: Wand              |       |     1 ||     1
  Use: Scroll            |       |     6 ||     6
 Stab: Distracted        |       |     1 ||     1
Armor: Leather armour    |    36 |    46 ||    82
Dodge: Dodged            |    65 |   113 ||   178
